 Dungeon Crawl Stone Soup version bcrawl-1.40.3b (webtiles) character file.

Game seed: 11562266820986580197

427225 Queen the Martial Artist (level 12, -16/103 HPs)
             Began as a Yellow Draconian Transmuter on Nov 23, 2023.
             Was an Elder of the Shining One.
             Demolished by a dream sheep (24 damage)
             ... led by a torpor snail
             ... on level 4 of the Lair of Beasts.
             The game lasted 00:28:55 (11562 turns).

Queen the Martial Artist (DrTm)                    Turns: 11562, Time: 00:28:55

Health: -16/103    AC:  9    Str: 12    XL:     12   Next: 23%
Magic:  18/22      EV: 16    Int: 18    God:    the Shining One [****..]
Gold:   215        SH:  0    Dex: 13    Spells: 8/25 levels left

rFire    . . .     GDR:     25%   - Blade hands (30.4)
rCold    + . .     SeeInvis .   (shield currently unavailable)
rNeg     + + .     Gourm    .   (armour unavailable)
rPois    .         Faith    .   d - +0 hat
rElec    .         Spirit   .   g - +0 cloak
rCorr    +         Reflect  +   (gloves currently unavailable)
MR       +....                  (no boots)
Stlth    +.........             H - +5 amulet of reflection
HPRegen  0.27/turn              x - ring of protection from magic
MPRegen  0.18/turn              v - ring of protection from cold

@: blade hands (expiring), sleeping, glowing
A: spit acid, acid resistance, unfitting armour, cold-blooded, AC +8
a: Breathe Acid, End Transformation, Divine Shield, Cleansing Flame, Renounce
Religion


You were on level 4 of the Lair of Beasts.
You worshipped the Shining One.
The Shining One was greatly pleased with you.
You were near starving.
You had blades for hands.
You visited 3 branches of the dungeon, and saw 13 of its levels.

You collected 884 gold pieces.
You spent 669 gold pieces at shops.

Inventory:

Missiles
 a - 2313 arrows
 I - 2 throwing nets {=f!f}
Armour
 d - a +0 hat (worn)
 g - a +0 cloak (worn)
 h - a +1 pair of gloves (melded)
 K - the +4 buckler of Hepliaklqana's Outrage {Dex+3, unknown}
   (You found it on level 3 of the Lair of Beasts)

   It affects your dexterity (+3).
Jewellery
 v - a ring of protection from cold (right scythe-like blade)
 x - a ring of protection from magic (left scythe-like blade)
 E - an uncursed ring of see invisible
 H - a +5 amulet of reflection (around neck)
 J - an uncursed amulet of regeneration {unknown}
Wands
 r - a wand of disintegration (3)
 y - a wand of charming (4)
 D - a wand of flame (17)
 F - a wand of acid (8)
 G - a wand of random effects (7)
Scrolls
 f - 2 scrolls of revelation
 i - 3 scrolls of identify {@r1}
 k - a scroll of vulnerability {unknown}
 l - 4 scrolls of teleportation {@r3}
 m - 4 scrolls of immolation
 n - 6 scrolls of remove curse {@r2}
 s - a scroll of silence {unknown}
 u - 2 scrolls of blinking
 w - a scroll of enchant weapon
 z - 2 scrolls of amnesia
Potions
 b - 3 potions of berserk rage
 c - 3 potions of lignification
 j - 4 potions of haste
 o - 2 potions of flight
 p - a potion of agility
 q - 2 potions of brilliance
 t - 4 potions of curing {@q1}
 A - a potion of invisibility
 B - a potion of mutation {unknown}
 C - a potion of might {unknown}
Comestibles
 e - 30 rations {!d}
 L - 12 chunks of flesh


   Skills:
 + Level 8.6 Fighting
 + Level 7.3 Dodging
 * Level 11.2 Unarmed Combat
 + Level 7.2 Spellcasting
 * Level 11.0 Transmutations


You had 8 spell levels left.
You knew the following spells:

 Your Spells              Type           Power        Failure   Level  Hunger
e - Ice Form              Ice/Tmut       ####....     47%         4    ###....
p - Passwall              Tmut/Erth      ####....     19%         2    None
q - Beastly Appendage     Tmut           #####.       7%          1    None
r - Blade Hands           Tmut           #####.....   26%         5    #####..
s - Sticks to Snakes      Tmut           #####...     9%          2    None
w - Spider Form           Tmut/Pois      ###          26%         3    None

Your spell library contained the following spells:

 Spells                   Type           Power        Failure   Level  Hunger
 Ignite Poison            Fire/Tmut/Pois ###.....     38%         3    None
 Apportation              Tloc           #.....       47%         1    None
 Infusion                 Chrm           #.......     47%         1    None
 Static Discharge         Air            #.....       47%         1    None
 Sting                    Conj/Pois      #...         47%         1    None
 Summon Butterflies       Summ           #.......     47%         1    None
 Poisonous Vapours        Pois/Air       #.....       56%         2    None
 Song of Slaying          Chrm           #.......     56%         2    None
 Swiftness                Chrm/Air       #.......     56%         2    None
 Beckoning                Tloc           #.........   75%         3    None
 Ozocubu's Armour         Chrm/Ice       #.......     75%         3    None
 Regeneration             Chrm/Necr      #.........   75%         3    None
 Spectral Weapon          Hex/Chrm       #.......     75%         3    None
 Tukima's Dance           Hex            #.......     75%         3    None
 Lightning Bolt           Conj/Air       #.......     96%         4    ###....
 Olgreb's Toxic Radiance  Pois           #........    96%         4    ###....
 Summon Scorpions         Summ/Pois      #.......     96%         4    ###....
 Freezing Cloud           Ice/Air        #.......     100%        5    #####..
 Metabolic Englaciation   Hex/Ice        #.........   100%        5    #####..
 Summon Lightning Spire   Summ/Air       #.......     100%        5    #####..
 Venom Bolt               Conj/Pois      #.........   100%        5    #####..
 Bolt of Cold             Conj/Ice       #.........   100%        6    ######.
 Conjure Ball Lightning   Conj/Air       #.........   100%        6    ######.
 Deflect Missiles         Chrm/Air       #.........   100%        6    ######.
 Invisibility             Hex            #.......     100%        6    ######.
 Ozocubu's Refrigeration  Ice            #.........   100%        6    ######.
 Simulacrum               Ice/Necr       #.......     100%        6    ######.
 Chain Lightning          Conj/Air       #.........   100%        8    #######


Dungeon Overview and Level Annotations

Branches:
Dungeon (8/12)             Temple (1/1) D:4            Lair (4/6) D:7
 Shoals (0/3) Lair:3
  Swamp: Lair:2-4     Snake: Lair:2-4    Spider: Lair:2-4       Orc: D:8-11

Altars:
Cheibriados
Elyvilon
Gozag
Lugonu
Okawaru
Sif Muna
Trog
Uskayaw
Vehumet
Wu Jian
Xom
Yredelemnul
The Shining One

Shops:
D:5 }*=%   D:6 [?(

Annotations:
D:8 3 runed translucent doors, Rhok's ghost, legendary DrHu
Lair:3 1 runed door


Innate Abilities, Weirdness & Mutations

You can spit globs of acid.
You are resistant to acid.
Your golden yellow scales are hard. (AC +8)
You cannot fit into any form of body armour.
You are cold-blooded and may be slowed by cold attacks.


Message History

The cane toad closely misses you.
You slice the rime drake!!
You kill the rime drake!
The dream sheep bites you.
* * * LOW HITPOINT WARNING * * *
Your transformation is almost over.
The cane toad hits you!
* * * LOW HITPOINT WARNING * * *
You are poisoned.
The cane toad poisons you!
You feel better. The cane toad closely misses you. The dream sheep bites you.
* * * LOW HITPOINT WARNING * * *
The dream sheep barely misses you. You block the cane toad's attack.
Your divine halo glows too radiantly to become invisible.
The dream sheep bites you!
* * * LOW HITPOINT WARNING * * *
The dream sheep shake their wool and sparkle.
You feel drowsy...
You fall asleep.
The dream sheep bites you!!
You die...

...... ...
♣.?.♣. ...
.....# #..
♣....###.#
.......##### #
#.....##.## #.
#YF..÷...#
#.#Y#..†÷<.#
#..@#.#....#
#.........##.#
##........# ##
#.........#
##.....(....
#...........
P...?.P.....
.........#.#.


You could see a cane toad and 2 dream sheep.

Vanquished Creatures
  Fannar (Lair:1)
  A hydra (Lair:3)
  A black mamba (Lair:2)
  A torpor snail (Lair:4)
  9 cane toads
  A komodo dragon (Lair:1)
  2 rime drakes
  A hippogriff (Lair:2)
  Sigmund (D:4)
  36 yaks
  3 basilisks
  A hungry ghost (D:8)
  Menkaure (D:4)
  7 crocodiles
  7 porcupines
  2 water moccasins
  3 necrophages
  4 black bears
  An ice beast (D:8)
  3 sky beasts
  2 orc warriors
  A phantom (D:6)
  An ogre (D:5)
  6 wolves
  8 bullfrogs
  Blork the orc (D:4)
  A kobold brigand (D:6)
  A gnoll sergeant (D:7)
  A water moccasin zombie (D:6)
  10 centaurs
  A scorpion (D:7)
  4 wights
  An electric eel (D:7)
  2 howler monkeys
  4 orc priests
  5 crimson imps
  3 bullfrog zombies
  3 jellies
  2 bullfrog skeletons
  4 hounds
  An iguana (D:6)
  5 orc wizards
  4 worker ants
  A killer bee zombie (D:5)
  A hound zombie (D:5)
  2 hound skeletons (D:4)
  A mummy (D:7)
  5 gnolls (D:7)
  6 adders
  2 oozes
  An adder zombie (D:7)
  2 adder skeletons
  6 worms
  2 leopard geckos
  20 orcs
  4 giant cockroaches
  16 hobgoblins
  9 jackals
  4 quokkas
  5 bats
  2 frilled lizards
  4 goblins
  10 kobolds
  5 rats
265 creatures vanquished.

Vanquished Creatures (others)
  A fungus (Lair:2)
  4 plants
5 creatures vanquished.

Grand Total: 270 creatures vanquished

Notes
Turn   | Place    | Note
-------+----------+-------------------------------------------
     0 | D:1      | Queen the Draconian Transmuter began the quest for the Orb.
     0 | D:1      | Reached XP level 1. HP: 16/16 MP: 3/3
   266 | D:1      | Reached XP level 2. HP: 23/23 MP: 3/5
   923 | D:2      | Reached XP level 3. HP: 19/28 MP: 6/6
   979 | D:2      | Found a white marble altar of Elyvilon.
  1046 | D:2      | Learned a level 2 spell: Sticks to Snakes
  1049 | D:2      | Learned a level 2 spell: Passwall
  1221 | D:2      | Found a shimmering blue altar of Sif Muna.
  2013 | D:3      | Reached XP level 4. HP: 36/36 MP: 7/7
  2293 | D:3      | Found a faded altar of an unknown god.
  2689 | D:4      | Noticed Menkaure
  2805 | D:4      | Reached XP level 5. HP: 39/41 MP: 6/8
  2809 | D:4      | Learned a level 3 spell: Spider Form
  2908 | D:4      | Noticed Sigmund
  2919 | D:4      | Killed Sigmund
  2920 | D:4      | Reached XP level 6. HP: 21/50 MP: 3/10
  3007 | D:4      | Found a radiant altar of Vehumet.
  3007 | D:4      | Found an ornate altar of the Wu Jian Council.
  3012 | D:4      | Found a transporter.
  3025 | D:4      | Found a transporter.
  3037 | D:4      | Noticed a sky beast
  3046 | D:4      | Killed a sky beast
  3292 | D:4      | Found a staircase to the Ecumenical Temple.
  3322 | D:4      | Noticed Blork the orc
  3336 | D:4      | Killed Blork the orc
  3337 | D:4      | Reached skill level 5 in Unarmed Combat
  3337 | D:4      | Your scales start taking on a golden yellow colour.
  3337 | D:4      | Reached XP level 7. HP: 53/57 MP: 8/11
  3345 | Temple   | Entered the Ecumenical Temple
  3351 | Temple   | Became a worshipper of the Shining One
  3366 | D:4      | Killed Menkaure
  3725 | D:5      | Entered Level 5 of the Dungeon
  3771 | D:5      | Reached skill level 5 in Transmutations
  3823 | D:5      | Learned a level 4 spell: Ice Form
  3829 | D:5      | Found a white marble altar of Elyvilon.
  3935 | D:5      | Found Nyin's Assorted Antiques.
  3940 | D:5      | Found Utauraot's Gadget Emporium.
  3944 | D:5      | Bought a scroll of identify for 52 gold pieces
  3944 | D:5      | Bought a scroll of identify for 52 gold pieces
  4088 | D:5      | Found Ficoc's Jewellery Shoppe.
  4112 | D:5      | Found Bunylyum's Food Emporium.
  4157 | D:5      | Reached XP level 8. HP: 51/66 MP: 10/13
  4449 | D:5      | Found a basalt altar of Yredelemnul.
  4596 | D:6      | Reached * piety under the Shining One
  4818 | D:6      | Found Uppoiwilir's Antique Weapon Shoppe.
  4825 | D:6      | Found a snail-covered altar of Cheibriados.
  4961 | D:6      | Reached XP level 9. HP: 53/73 MP: 13/15
  5039 | D:6      | Reached skill level 5 in Fighting
  5376 | D:6      | Found Tetzoz's Magic Scroll Shop.
  5389 | D:6      | Bought a scroll of identify for 20 gold pieces
  5389 | D:6      | Bought a scroll of identify for 20 gold pieces
  5389 | D:6      | Bought a scroll of identify for 20 gold pieces
  5389 | D:6      | Bought a scroll of identify for 20 gold pieces
  5412 | D:6      | Found Ximog's Antique Armour Shop.
  5753 | D:7      | Learned a level 5 spell: Blade Hands
  5917 | D:7      | Reached ** piety under the Shining One
  5918 | D:7      | Reached skill level 5 in Spellcasting
  5924 | D:7      | Reached skill level 5 in Dodging
  6352 | D:7      | Reached XP level 10. HP: 54/82 MP: 17/17
  6352 | D:7      | Found a staircase to the Lair.
  7385 | D:8      | Reached *** piety under the Shining One
  7425 | D:8      | Found a runed translucent gate.
  7425 | D:8      | Found a runed translucent gate.
  7426 | D:8      | Found a runed translucent gate.
  7427 | D:8      | Found an opulent altar of Gozag.
  7429 | D:8      | Noticed a manticore
  7429 | D:8      | Noticed Rhok's ghost (legendary DrHu)
  7809 | Lair:1   | Entered Level 1 of the Lair of Beasts
  8116 | Lair:1   | Noticed a cane toad
  8123 | Lair:1   | Killed a cane toad
  8276 | Lair:1   | Noticed a cane toad
  8283 | Lair:1   | Killed a cane toad
  8284 | Lair:1   | Reached XP level 11. HP: 83/92 MP: 15/20
  8450 | Lair:1   | Identified the cursed ring of Weaden Woce {Ice Dex+4}
  8450 | Lair:1   | Noticed Fannar
  8460 | Lair:1   | Killed Fannar
  8461 | Lair:1   | Reached skill level 10 in Unarmed Combat
  9122 | Lair:2   | Found a shimmering blue altar of Sif Muna.
  9285 | Lair:2   | Reached skill level 10 in Transmutations
  9917 | D:5      | Bought a +5 amulet of reflection for 485 gold pieces
 10792 | Lair:3   | Noticed a seven-headed hydra
 10799 | Lair:3   | Killed a seven-headed hydra
 10840 | Lair:3   | Reached **** piety under the Shining One
 10861 | Lair:3   | Reached XP level 12. HP: 93/102 MP: 17/22
 11184 | Lair:3   | Found a runed door.
 11193 | Lair:3   | Found a staircase to the Shoals.
 11503 | Lair:3   | Got a slimy buckler
 11562 | Lair:4   | Demolished by a dream sheep

Skill      XL: |  1  2  3  4  5  6  7  8  9 10 11 12 |
---------------+-------------------------------------+-----
Dodging        | 2 3 4 5 6 7 |  7.3
Transmutations | 3 4 5 6 8 9 10 11 | 11.0
Fighting       | 2 3 4 6 7 8 |  8.6
Unarmed Combat | 4 5 6 8 9 10 11 | 11.2
Spellcasting   | 3 4 5 6 7 |  7.2

Action                   |  1- 3 |  4- 6 |  7- 9 | 10-12 || total
-------------------------+-------+-------+-------+-------++-------
Melee: Unarmed           |   118 |   117 |   308 |   355 ||   898
       Kick              |    18 |    15 |     9 |       ||    42
       Headbutt          |     7 |       |       |       ||     7
       Tailslap          |    10 |    14 |     6 |    39 ||    69
       Punch             |       |     1 |     2 |    16 ||    19
 Cast: Beastly Appendage |    26 |    17 |    14 |       ||    57
       Spider Form       |       |     3 |    14 |       ||    17
       Blade Hands       |       |       |       |    35 ||    35
       Ice Form          |       |       |       |     1 ||     1
 Abil: Breathe Acid      |       |       |       |     3 ||     3
       End Transformatio |       |       |       |     1 ||     1
  Use: Scroll            |     4 |     1 |     9 |     2 ||    16
       Potion            |       |       |       |     1 ||     1
 Stab: Sleeping          |     1 |     1 |       |       ||     2
  Eat: Chunk             |     7 |     8 |    18 |    29 ||    62
       Ration            |       |       |       |     1 ||     1
Armor: Skin              |    26 |    36 |    47 |    47 ||   156
Dodge: Dodged            |    65 |    53 |   192 |   152 ||   462
Block: Other             |       |       |       |     5 ||     5
